 Dungeon Crawl Stone Soup version 0.31.0-32-g396128a36d (webtiles) character file.

Game seed: 254350451056349601

171 MrCrawl the Digger (level 5, 0/28 HPs)
             Began as a Gargoyle Earth Elementalist on Apr 12, 2024.
             Slain by Crazy Yiuf
             ... wielding a +3 quarterstaff of chaos
              (7 damage)
             ... on level 3 of the Dungeon.
             The game lasted 00:02:19 (3055 turns).

MrCrawl the Digger (Gargoyle Earth Elementalist)    Turns: 3055, Time: 00:02:20

Health: 0/28       AC:  9    Str: 11    XL:     5   Next: 51%
Magic:  6/9        EV: 11    Int: 18    God:
Gold:   186        SH:  0    Dex: 10    Spells: 2/9 levels left

rFire   . . .        d - staff of conjuration
rCold   . . .        (no shield)
rNeg    + . .        l - +0 leather armour
rPois   ∞            (no helmet)
rElec   +            o - +0 cloak
rCorr   .            (no gloves)
SInv    .            k - +0 pair of boots
Will    .....        (no amulet)
Stlth   ++           (no ring)
HPRegen 0.24/turn    (no ring)
MPRegen 0.11/turn

%: no passive effects
@: no status effects
A: sickness immunity, AC +4, negative energy resistance 1, electricity
resistance, torment resistance 1, petrification resistance
a: no special abilities


You were on level 3 of the Dungeon.
You visited 1 branch of the dungeon, and saw 3 of its levels.

You collected 186 gold pieces.

Inventory:

Armour
 k - a +0 pair of boots (worn)
 l - a +0 leather armour (worn)
 o - a +0 cloak (worn)
Magical Staves
 d - a staff of conjuration (weapon)
 j - a staff of alchemy
Jewellery
 m - a ring of magical power
 n - a ring of ice
 q - a +4 ring of protection
Scrolls
 c - 2 scrolls of fear {unknown}
 g - a scroll of amnesia {unknown}
 h - 2 scrolls of teleportation {unknown}
 i - 5 scrolls of identify {unknown}
 p - a scroll of silence {unknown}
 r - a scroll of noise {unknown}
 s - a scroll of enchant weapon {unknown}
 u - a scroll of fog {unknown}
 v - a scroll of enchant armour {unknown}
Potions
 a - a potion of enlightenment {unknown}
 b - a potion of magic
 e - 3 potions of curing {unknown}
 f - a potion of brilliance {unknown}
 t - a potion of lignification {unknown}


   Skills:
 + Level 2.4 Dodging
 + Level 3.4 Stealth
 + Level 2.9 Spellcasting
 + Level 2.6 Conjurations
 + Level 4.5 Earth Magic


You had 2 spell levels left.
You knew the following spells:

 Your Spells              Type           Power      Damage    Failure   Level
a - Sandblast             Erth           36%        2d10      3%          1
b - Stone Arrow           Conj/Erth      46%        3d9       14%         3
c - Passwall              Erth           18%        N/A       10%         3

Your spell library contained the following spells:

 Spells                   Type           Power      Damage    Failure   Level
 Magic Dart               Conj           72%        1d6       7%          1
 Blink                    Tloc           4%         N/A       32%         2
 Call Imp                 Summ           4%         N/A       32%         2
 Brom's Barrelling Bould  Conj/Erth      23%        2d4       43%         4
 Frozen Ramparts          Ice            4%         1d1       54%         3
 Leda's Liquefaction      Alch/Erth      5%         N/A       65%         4
 Petrify                  Alch/Erth      10%        N/A       65%         4
 Metabolic Englaciation   Hex/Ice        1%         N/A       99%         5


Dungeon Overview and Level Annotations

Branches:
Dungeon (3/15)

Altars:

Shops:
D:3 (

Annotations:
D:3 Crazy Yiuf


Innate Abilities, Weirdness & Mutations

You are immune to sickness and miasma.
Your stone body is resilient. (AC +4)
You are immune to poison.
You resist negative energy. (rN+)
You are resistant to electric shocks. (rElec)
You are resistant to unholy torment.
You are immune to petrification.


Message History

Could not explore, unopened runed door.
You can't see any susceptible monsters within range! (Use Z to cast anyway.) This spell is quite dangerous to cast!
You start memorising the spell.
You continue memorising. x3
You finish memorising.
Spell assigned to 'b'.
This spell is quite dangerous to cast!
You start memorising the spell.
You continue memorising. x3
You finish memorising.
Spell assigned to 'c'.
Could not explore, unopened runed door.
Could not explore, unopened runed door.
You open the door.
No other quiver actions available for cycling.
Casting: Sandblast (safe; 3% risk of failure)
Confirm with . or Enter, or press ? or * to list all spells.
Aiming: Sandblast (safe; 3% risk of failure)
Press: ? - help, Shift-Dir - straight line, f - Crazy Yiuf
Aim: Crazy Yiuf, wielding a +3 quarterstaff of chaos and wearing a +2 cloak of poison resistance (84% to hit)
The blast of sand hits Crazy Yiuf.
Crazy Yiuf is moderately wounded.
Crazy Yiuf closely misses you.
Crazy Yiuf hits you with a +3 quarterstaff of chaos!
Casting: Sandblast (safe; 3% risk of failure)
Confirm with . or Enter, or press ? or * to list all spells.
Aiming: Sandblast (safe; 3% risk of failure)
Press: ? - help, Shift-Dir - straight line, f/p - Crazy Yiuf
Aim: Crazy Yiuf, wielding a +3 quarterstaff of chaos and wearing a +2 cloak of poison resistance (moderately wounded, 84% to hit)
The blast of sand hits Crazy Yiuf but does no damage.
Crazy Yiuf is moderately wounded.
Crazy Yiuf hits you with a +3 quarterstaff of chaos!
Crazy Yiuf burns you.
* * * LOW HITPOINT WARNING * * *
Casting: Sandblast (safe; 3% risk of failure)
Confirm with . or Enter, or press ? or * to list all spells.
Aiming: Sandblast (safe; 3% risk of failure)
Press: ? - help, Shift-Dir - straight line, f/p - Crazy Yiuf
Aim: Crazy Yiuf, wielding a +3 quarterstaff of chaos and wearing a +2 cloak of poison resistance (moderately wounded, 84% to hit)
The blast of sand hits Crazy Yiuf.
Crazy Yiuf is heavily wounded.
Crazy Yiuf hits you with a +3 quarterstaff of chaos!
You die...

#.# ####.## #.#
########...# #.#
#.....# ###
#........#.#
#.###.##.##
#.######...#
#........##
##### #.# ##.##
####......#
#..)# ### #.#
#..###.# #...#
####.## #..# #.#
... #.....#
#..###.# #g#
#.##.## #......#
##@# #.####
#.###..# #.##
#.# #.#....#
##.# #.###
#......# #.##
#...# ###.#.##
##.## ###...###
######....##
#...##
####.......#
...........#
#....#
#'.........#
######...###
#....#
####.......#
#..#######..####
##....#.#


You could see Crazy Yiuf.

Vanquished Creatures
  3 adders (D:3)
  7 gnolls
  A dart slug (D:1)
  2 ribbon worms (D:3)
  5 ball pythons
  6 bats
  5 endoplasms
  2 giant cockroaches
  7 goblins
  4 hobgoblins
  9 jackals
  6 kobolds
  A quokka (D:3)
  3 frilled lizards
  9 rats
70 creatures vanquished.

Notes
Turn   | Place    | Note
-------+----------+-------------------------------------------
     0 | D:1      | MrCrawl the Gargoyle Earth Elementalist began the quest for
                  | the Orb.
     0 | D:1      | Reached XP level 1. HP: 10/10 MP: 3/3
   112 | D:1      | Reached XP level 2. HP: 12/15 MP: 0/5
   370 | D:1      | Reached XP level 3. HP: 18/19 MP: 3/6
   574 | D:1      | Reached skill level 4 in Earth Magic
   828 | D:2      | Identified the +0 ring mail of Joluiroe {rElec Stlth+}
  1122 | D:2      | Found a faded altar of an unknown god.
  1559 | D:2      | Reached XP level 4. HP: 16/24 MP: 2/7
  1947 | D:3      | Found Ytufest's Weapon Boutique.
  2227 | D:3      | Reached XP level 5. HP: 28/28 MP: 6/9
  2295 | D:3      | Found a runed translucent door.
  2296 | D:3      | Noticed Crazy Yiuf
  3040 | D:3      | Learned a level 3 spell: Stone Arrow
  3044 | D:3      | Learned a level 3 spell: Passwall
  3055 | D:3      | Slain by Crazy Yiuf

Illustrated notes

Levels and vault maps discovered:
D:1:      nzn_arrival_water_spiral, layout_rooms
D:2:      layout_loops_ring, basic_ecumenical_altar, grunt_ministairs_4
D:3:      layout_loops_corners, serial_shops, nicolae_shop_window_shopping,
          uniq_crazy_yiuf_cottage

Skill      XL: |  1  2  3  4 |
---------------+-------------+-----
Earth Magic    | 4 |  4.5
Dodging        | 2 |  2.4
Conjurations   | 2 |  2.6
Stealth        | 3 |  3.4
Spellcasting   | |  2.9

Action                     |  1- 3 |  4- 6 || total
---------------------------+-------+-------++-------
  Melee: Staff             |    18 |       ||    18
         Unarmed           |     1 |       ||     1
   Cast: Sandblast         |    47 |    50 ||    97
 Armour: Robe              |    33 |       ||    33
         Leather armour    |     9 |    15 ||    24
  Dodge: Dodged            |    41 |    23 ||    64
